 Dungeon Crawl Stone Soup version 0.32-a0-909-gc671339a80 (webtiles) character file.

Game seed: 15485142243676234042

214 whatisthis the Apothecary (level 5, -15/38 HPs)
             Began as a Gnoll Alchemist on Apr 6, 2024.
             Killed from afar by Ijyb (21 damage)
             ... with a bolt of light
             ... on level 3 of the Dungeon.
             The game lasted 00:04:11 (2346 turns).

whatisthis the Apothecary (Gnoll Alchemist)         Turns: 2346, Time: 00:04:11

Health: -15/38     AC:  2    Str:  7    XL:     5   Next: 91%
Magic:  12/12      EV: 12    Int: 16    God:
Gold:   91         SH:  0    Dex: 13    Spells: 8/14 levels left

rFire   . . .        s - +0 dagger (protect)
rCold   . . .        (no shield)
rNeg    . . .        a - +0 robe
rPois   .            (no helmet)
rElec   .            (no cloak)
rCorr   .            (no gloves)
SInv    .            (no boots)
Will    .....        (no amulet)
Stlth   +            g - ring of wizardry
HPRegen 0.26/turn    (no ring)
MPRegen 0.13/turn

%: wizardry (x1)
@: confused, mighty
A: fangs 1, strong nose, distributed training
a: no special abilities


You were on level 3 of the Dungeon.
You visited 1 branch of the dungeon, and saw 3 of its levels.

You collected 91 gold pieces.

Inventory:

Hand Weapons
 s - a +0 dagger of protection (weapon)
Missiles
 q - 3 boomerangs
 r - 6 poisoned darts
Armour
 a - a +0 robe (worn)
 i - a +0 buckler
Jewellery
 g - a ring of wizardry (left hand)
Scrolls
 d - a scroll of silence {unknown}
 e - 2 scrolls of teleportation {unknown}
 j - a scroll of amnesia {unknown}
 o - 2 scrolls of identify {unknown}
 p - a scroll of enchant weapon {unknown}
Potions
 b - a potion of magic
 c - a potion of cancellation {unknown}
 f - a potion of ambrosia {unknown}
 h - a potion of might
 k - a potion of lignification {unknown}
 l - a potion of curing {unknown}
 n - 2 potions of heal wounds {unknown}


   Skills:
 + Level 1.8 Fighting
 + Level 1.8 Short Blades
 + Level 1.8 Long Blades
 + Level 1.8 Axes
 + Level 1.8 Maces & Flails
 + Level 1.8 Polearms
 + Level 1.8 Staves
 + Level 1.8 Ranged Weapons
 + Level 1.8 Throwing
 + Level 1.8 Armour
 + Level 4.9 Dodging
 + Level 4.5 Stealth
 + Level 1.8 Shields
 + Level 1.8 Unarmed Combat
 + Level 5.3 Spellcasting
 + Level 2.5 Conjurations
 + Level 1.4 Hexes
 + Level 1.4 Summonings
 + Level 1.4 Necromancy
 + Level 1.4 Translocations
 + Level 1.4 Fire Magic
 + Level 1.4 Ice Magic
 + Level 1.4 Air Magic
 + Level 1.4 Earth Magic
 + Level 5.6 Alchemy
 + Level 2.0 Invocations
 + Level 1.8 Evocations
 + Level 1.6 Shapeshifting


You had 8 spell levels left.
You knew the following spells:

 Your Spells              Type           Power      Damage    Failure   Level
a - Sting                 Conj/Alch      68%        1d7       1%          1
b - Mercury Vapours       Alch/Air       30%        N/A       2%          2
c - Mephitic Cloud        Conj/Alch/Air  14%        N/A       4%          3

Your spell library contained the following spells:

 Spells                   Type           Power      Damage    Failure   Level
 Foxfire                  Conj/Fire      40%        2x1d6     2%          1
 Olgreb's Toxic Radiance  Alch           22%        N/A       6%          4
 Passwall                 Erth           8%         N/A       11%         3
 Volatile Blastmotes      Fire/Tloc      16%        2d11      11%         3
 Sticky Flame             Fire/Alch      15%        2d5       14%         4
 Vhi's Electric Charge    Tloc/Air       16%        N/A       32%         4
 Bombard                  Conj/Erth      5%         9d2       98%         6
 Starburst                Conj/Fire      5%         6d4       98%         6
 Plasma Beam              Fire/Air       4%         2x1d14    99%         6


Dungeon Overview and Level Annotations

Branches:
Dungeon (3/15)

Altars:

Shops:
D:3 :

Annotations:
D:3 Ijyb, Natasha


Innate Abilities, Weirdness & Mutations

You have very sharp teeth.
Your uncanny sense of smell can sniff out nearby items.
Your experience applies equally to all skills.


Message History

You now have 91 gold pieces (gained 11).
Natasha and a frilled lizard come into view.
The frilled lizard hisses angrily.
There are monsters nearby!
There is a fountain of clear blue water here.
Aiming: Sting (safe; 1% risk of failure)
Press: ? - help, Q - select action, (/) - cycle Shift-Dir - straight line, f - frilled lizard
Aim: a frilled lizard (57% to hit)
The sting hits the frilled lizard.
The frilled lizard is poisoned.
You kill the frilled lizard!
Unknown command.
There is a fountain of clear blue water here.
There is an entrance to Hedeadee's Book Shop here.
There is a fountain of clear blue water here.
You open the door.
Ijyb the Inquisitive comes into view.
She is wielding a +0 dagger, wearing a +0 leather armour of fire resistance and carrying a wand of light.
Ijyb shouts!
Ijyb barely misses you.
There is an open door here.
Found a stone staircase leading up.
A bat comes into view.
Ijyb zaps a wand.
The bolt of light hits you!
You are confused.
Press: ? - help, v - describe, . - travel
Here: Ijyb, wielding a +0 dagger, wearing a +0 leather armour of fire resistance and carrying a wand of light The floor.
Unknown command.
You are too confused!
Non-targeted confused throw: throwing net
Press: ? - help, Q - select action, (/) - cycle Dir - look around, f - activate You throw a throwing net.
The throwing net misses Ijyb.
Ijyb zaps a wand.
The bolt of light hits you!
You are more confused.
* * * LOW HITPOINT WARNING * * *
It was a potion of might.
You feel very mighty all of a sudden.
Ijyb zaps a wand.
The bolt of light hits you!!
Ouch! That really hurt!
You die...
Ijyb moans, "Good help so hard to find!"

#....... ...#<..
#....... #.....##∆
#.......
.....+...#
#.......
#....#...#
#.......
....#...###......h
#b..#.....#.......
#...#..##...#
#@g(#..###..#
##'##..# #.†# ∆
#.....# #..#####.
####.## #...†....
#.####.>######
#.............
####.⌠.⌠......
#..∩.......
#.⌠.⌠......


You could see Ijyb and a bat.

Vanquished Creatures
  An orc warrior (D:3)
  An orc wizard (D:3)
  4 adders
  A dart slug (D:2)
  3 ribbon worms (D:2)
  An orc (D:3)
  6 endoplasms
  2 giant cockroaches (D:2)
  5 goblins
  9 hobgoblins
  2 quokkas
  3 ball pythons
  3 frilled lizards
  5 kobolds
  A rat (D:1)
47 creatures vanquished.

Notes
Turn   | Place    | Note
-------+----------+-------------------------------------------
     0 | D:1      | whatisthis the Gnoll Alchemist began the quest for the Orb.
     0 | D:1      | Reached XP level 1. HP: 13/13 MP: 6/6
   284 | D:1      | Reached XP level 2. HP: 19/19 MP: 2/7
   348 | D:1      | Learned a level 2 spell: Mercury Vapours
   423 | D:1      | Found a faded altar of an unknown god.
  1009 | D:2      | Reached skill level 5 in Spellcasting
  1009 | D:2      | Reached XP level 3. HP: 24/25 MP: 1/9
  1166 | D:2      | Reached skill level 1 in Invocations
  1239 | D:2      | Reached skill level 1 in Fighting
  1239 | D:2      | Reached skill level 1 in Short Blades
  1239 | D:2      | Reached skill level 1 in Long Blades
  1239 | D:2      | Reached skill level 1 in Axes
  1239 | D:2      | Reached skill level 1 in Maces & Flails
  1239 | D:2      | Reached skill level 1 in Polearms
  1239 | D:2      | Reached skill level 1 in Staves
  1239 | D:2      | Reached skill level 1 in Ranged Weapons
  1239 | D:2      | Reached skill level 1 in Throwing
  1239 | D:2      | Reached skill level 1 in Armour
  1239 | D:2      | Reached skill level 1 in Shields
  1239 | D:2      | Reached skill level 1 in Unarmed Combat
  1239 | D:2      | Reached skill level 1 in Evocations
  1713 | D:2      | Reached skill level 1 in Shapeshifting
  1713 | D:2      | Reached XP level 4. HP: 23/32 MP: 3/11
  2048 | D:2      | Learned a level 3 spell: Mephitic Cloud
  2079 | D:3      | Noticed an orc warrior
  2084 | D:3      | Reached skill level 1 in Hexes
  2084 | D:3      | Reached skill level 1 in Summonings
  2084 | D:3      | Reached skill level 1 in Necromancy
  2084 | D:3      | Reached skill level 1 in Translocations
  2084 | D:3      | Reached skill level 1 in Fire Magic
  2084 | D:3      | Reached skill level 1 in Ice Magic
  2084 | D:3      | Reached skill level 1 in Air Magic
  2084 | D:3      | Reached skill level 1 in Earth Magic
  2102 | D:3      | Killed an orc warrior
  2103 | D:3      | Reached XP level 5. HP: 38/38 MP: 2/12
  2252 | D:3      | Found Hedeadee's Book Shop.
  2311 | D:3      | Noticed Natasha
  2342 | D:3      | Noticed Ijyb
  2346 | D:3      | Killed from afar by Ijyb

Illustrated notes

Levels and vault maps discovered:
D:1:      dpeg_arrival_simpleton_c, layout_basic,
          shapermc_ecumenical_altar_mp_ritualfount, nicolae_titane
D:2:      minmay_door_path, layout_loops_ring, minmay_split_cup_large
D:3:      layout_basic, serial_shops, shop, shop_fountains, uniq_ijyb,
          uniq_grinder, uniq_natasha

Skill      XL: |  1  2  3  4  5 |
---------------+----------------+-----
Conjurations   | 2 |  2.5
Spellcasting   | 5 |  5.3
Invocations    | 1 2 |  2.0
Fighting       | 1 |  1.8
Short Blades   | 1 |  1.8
Long Blades    | 1 |  1.8
Axes           | 1 |  1.8
Maces & Flails | 1 |  1.8
Polearms       | 1 |  1.8
Staves         | 1 |  1.8
Ranged Weapons | 1 |  1.8
Throwing       | 1 |  1.8
Armour         | 1 |  1.8
Shields        | 1 |  1.8
Unarmed Combat | 1 |  1.8
Evocations     | 1 |  1.8
Shapeshifting  | 1 |  1.6
Hexes          | 1 |  1.4
Summonings     | 1 |  1.4
Necromancy     | 1 |  1.4
Translocations | 1 |  1.4
Fire Magic     | 1 |  1.4
Ice Magic      | 1 |  1.4
Air Magic      | 1 |  1.4
Earth Magic    | 1 |  1.4
Dodging        | |  4.9
Stealth        | |  4.5
Alchemy        | |  5.6

Action                     |  1- 3 |  4- 6 || total
---------------------------+-------+-------++-------
  Melee: Unarmed           |     1 |       ||     1
         Short sword       |    19 |       ||    19
         Dagger            |     3 |     8 ||    11
         Bite              |     1 |       ||     1
  Throw: Throwing net      |       |     1 ||     1
   Cast: Sting             |    68 |    28 ||    96
         Mercury Vapours   |     1 |       ||     1
         Mephitic Cloud    |       |     1 ||     1
    Use: Potion            |       |     1 ||     1
   Stab: Sleeping          |     2 |       ||     2
 Armour: Robe              |    24 |     5 ||    29
  Dodge: Dodged            |    27 |    11 ||    38

Table legend: (Time is in decaauts)
 A = Elapsed time spent in this place.
 B = Non-inter-level travel time spent in this place.
 C = Inter-level travel time spent in this place.
 D = Time resting spent in this place.
 E = Time spent auto-exploring this place.
 F = Levels seen in this place.
 G = Mean time per level.
                   A        B        C        D        E       F      G
               +--------+--------+--------+--------+--------+-----+--------+
         Total |   2343 |   2333 |     10 |    152 |   1682 |   3 |  781.0 |
       Dungeon |   2343 |   2333 |     10 |    152 |   1682 |   3 |  781.0 |
               +--------+--------+--------+--------+--------+-----+--------+

Top non-repeatable levels by time:
     D:2: 1176 daAuts
     D:1: 878 daAuts
     D:3: 289 daAuts
